 Dungeon Crawl Stone Soup version 0.28.0-53-g5a82cb258f (webtiles) character file.

Game seed: 16360597706145828463

696 Peloso the Covered (level 7, 0/61 HPs)
             Began as a Minotaur Fighter on May 22, 2022.
             Slain by Pikel
             ... wielding a +1 whip of electrocution
              (18 damage)
             ... on level 6 of the Dungeon.
             The game lasted 00:07:02 (4686 turns).

Peloso the Covered (Minotaur Fighter)               Turns: 4686, Time: 00:07:03

Health: 0/61       AC: 10    Str: 27    XL:     7   Next: 37%
Magic:  6/6        EV: 10    Int:  5    God:
Gold:   198        SH:  5    Dex: 11    Spells: 6/6 levels left

rFire   . . .      SeeInvis .   a - +1 long sword (freeze)
rCold   . . .      Faith    .   c - +0 buckler
rNeg    . . .      Spirit   .   b - +0 scale mail
rPois   .          Reflect  .   (helmet restricted)
rElec   .          Harm     .   (no cloak)
rCorr   .          Rampage  .   (no gloves)
Will    .....                   e - +1 pair of boots
Stlth   ..........              (no amulet)
HPRegen 0.20/turn               f - ring of flight
MPRegen 0.10/turn               g - +6 ring of strength

@: flying
A: horns 2, retaliatory headbutt
a: no special abilities


You were on level 6 of the Dungeon.
You visited 1 branch of the dungeon, and saw 6 of its levels.

You collected 198 gold pieces.

Inventory:

Hand Weapons
 a - a +1 long sword of freezing (weapon)
Missiles
 u - 2 throwing nets (quivered)
Armour
 b - a +0 scale mail (worn)
 c - a +0 buckler (worn)
 e - a +1 pair of boots (worn)
Jewellery
 f - a ring of flight (left hand)
 g - a +6 ring of strength (right hand)
Scrolls
 h - 2 scrolls of teleportation
 j - 2 scrolls of amnesia {unknown}
 n - a scroll of immolation {unknown}
 q - a scroll of fear {unknown}
 s - a scroll of acquirement {unknown}
 t - a scroll of blinking {unknown}
Potions
 d - 2 potions of might
 i - a potion of curing
 l - a potion of flight
 m - 2 potions of heal wounds
 o - a potion of resistance
 r - a potion of magic {unknown}


   Skills:
 + Level 5.4 Fighting
 + Level 6.1 Long Blades
 + Level 6.4 Armour
 + Level 1.5 Dodging
 + Level 0.1 Stealth
 + Level 5.0 Shields


You had 6 spell levels left.
You didn't know any spells.
Your spell library contained the following spells:

 Spells                   Type           Power      Damage    Failure   Level
 Summon Small Mammal      Summ           0%         N/A       82%         1
 Call Canine Familiar     Summ           0%         N/A       99%         3
 Dazzling Flash           Conj/Hex       0%         N/A       99%         3
 Stone Arrow              Conj/Erth      0%         3d7       99%         3
 Summon Guardian Golem    Hex/Summ       0%         N/A       99%         3
 Animate Armour           Summ/Erth      0%         N/A       100%        4
 Iskenderun's Mystic Bla  Conj/Tloc      0%         2d3       100%        4
 Starburst                Conj/Fire      0%         6d3       100%        6
 Lehudib's Crystal Spear  Conj/Erth      0%         10d2      100%        8


Dungeon Overview and Level Annotations

Branches:
Dungeon (6/15)             Temple (0/1) D:6

Altars:
Trog
Vehumet
The Shining One

Shops:
D:4 (

Portals:
Abyss: D:5

Annotations:
D:5 2 transporters, Alannah's ghost, novice GrFi
D:6 Pikel


Innate Abilities, Weirdness & Mutations

You have a pair of horns on your head.
You reflexively headbutt those who attack you in melee.


Message History

Pikel is wielding a +1 whip of electrocution.
Found a runed hand axe.
Found a stone staircase leading down and a stone staircase leading up.
Pikel shouts!
The lemure shouts! x3; The iguana hisses angrily.
You hear a shout! x2
The lemure hits you! The lemure hits you.
A gnoll comes into view. It is wielding a +0 spear.
A gnoll comes into view.
It is wielding a +3 whip of electrocution.
The gnoll shouts!
The lemure hits you but does no damage. The lemure closely misses you.
You furiously retaliate!
You headbutt the lemure. You block the lemure's attack.
Found a stone staircase leading down.
The gnoll hits you but does no damage. The lemure hits you.
Found a staircase to the Ecumenical Temple.
You block the lemure's attack.
You hit the lemure. You freeze the lemure. Your headbutt misses the lemure.
The lemure is moderately wounded.
The lemure barely misses you. You furiously retaliate!
You headbutt the lemure, but do no damage.
The lemure barely misses you. You furiously retaliate!
You headbutt the lemure, but do no damage.
You hit the lemure but do no damage. Your headbutt misses the lemure.
The lemure is moderately wounded.
The lemure closely misses you.
You slash the lemure! You freeze the lemure. Your headbutt misses the lemure.
The lemure is severely wounded.
The lemure hits you.
You closely miss the lemure.
The lemure is severely wounded.
The lemure barely misses you.
You closely miss the lemure. You headbutt the lemure!
The lemure is almost dead.
You barely miss Pikel. You barely miss Pikel.
Pikel hits you but does no damage.
You are electrocuted!
Pikel hits you with a +1 whip of electrocution.
* * * LOW HITPOINT WARNING * * *
You are electrocuted!!
You die...

#.##.# ..#.# #.#.## #.#
#....# #.. ....# #.. ...
#######.#.. #.#
####........$. #@#
#......>##.##. #K#
#.##.##.##.##.
####.#5###.##.##.##....
.......55.5g5l.....#....
.#.#.#.#g#..g...........
........g...............
.#.......#..##.##.>.##..
...........###..........
.#...>...#..............


You could see Pikel, 3 lemures and 2 gnolls.

Vanquished Creatures
  A centaur (D:6)
  A scorpion (D:4)
  A centaur zombie (D:5)
  3 hounds
  2 centaur skeletons (D:4)
  3 jellies (D:5)
  An iguana (D:5)
  Natasha (twice) (D:3)
  2 hound skeletons (D:4)
  7 gnolls
  5 adders
  2 dart slugs
  4 orcs
  6 endoplasms
  3 giant cockroaches
  6 goblins
  3 hobgoblins
  8 kobolds
  2 quokkas
  7 ball pythons
  4 bats
  7 rats
80 creatures vanquished.

Vanquished Creatures (others)
  A wizard (D:5)
1 creature vanquished.

Grand Total: 81 creatures vanquished

Notes
Turn   | Place    | Note
-------+----------+-------------------------------------------
     0 | D:1      | Peloso the Minotaur Fighter began the quest for the Orb.
     0 | D:1      | Reached XP level 1. HP: 19/19 MP: 0/0
   335 | D:1      | Reached XP level 2. HP: 26/27 MP: 1/1
   950 | D:2      | Reached XP level 3. HP: 26/33 MP: 2/2
  2032 | D:3      | Reached XP level 4. HP: 40/40 MP: 3/3
  2081 | D:3      | Found a glowing golden altar of the Shining One.
  2118 | D:3      | Noticed Natasha
  2124 | D:3      | Killed Natasha
  2141 | D:3      | Noticed Natasha
  2149 | D:3      | Killed Natasha
  2683 | D:4      | Noticed a scorpion
  2696 | D:4      | Killed a scorpion
  2697 | D:4      | Reached skill level 5 in Armour
  2697 | D:4      | Reached XP level 5. HP: 14/47 MP: 4/4
  3008 | D:4      | Reached skill level 1 in Dodging
  3079 | D:4      | Found Ramecobreo's Weapon Emporium.
  3091 | D:4      | Reached XP level 6. HP: 39/53 MP: 5/5
  3511 | D:4      | Reached skill level 5 in Long Blades
  3718 | D:5      | Entered Level 5 of the Dungeon
  3902 | D:5      | Found a transporter.
  3904 | D:5      | Noticed Alannah's ghost (novice GrFi)
  3905 | D:5      | Noticed a small abomination
  3920 | D:5      | Found a transporter.
  3943 | D:5      | Found a one-way gate to the infinite horrors of the Abyss.
  4048 | D:5      | Found a bloodstained altar of Trog.
  4049 | D:5      | Noticed a wizard
  4054 | D:5      | Killed a wizard
  4097 | D:5      | Found a radiant altar of Vehumet.
  4104 | D:5      | Reached skill level 5 in Fighting
  4220 | D:5      | Reached XP level 7. HP: 53/61 MP: 6/6
  4612 | D:6      | Reached skill level 5 in Shields
  4659 | D:6      | Noticed Pikel
  4671 | D:6      | Found a staircase to the Ecumenical Temple.
  4686 | D:6      | Slain by Pikel

Illustrated notes

Levels and vault maps discovered:
D:1:      dpeg_arrival_concentric_ovals, layout_basic
D:2:      layout_loops_corners
D:3:      layout_rooms, mainiacjoe_overflow_alcove_2, uniq_natasha
D:4:      layout_gridville, serial_shops, nicolae_shop_bloodbath_and_beyond,
          hangedman_minor_gate_pass
D:5:      layout_basic, trog_wizard, lemuel_tele_altar,
          gammafunk_ghost_abyssal_escape
D:6:      layout_loops_ring, minmay_temple_entry_glass, gup_sewer_entry_bowl,
          uniq_pikel, uniq_prince_ribbit1, uniq_maggie

Skill      XL: |  1  2  3  4  5  6  7 |
---------------+----------------------+-----
Long Blades    | 3 4 5 6 |  6.1
Armour         | 4 5 6 |  6.4
Fighting       | 4 5 |  5.4
Shields        | 4 5 |  5.0
Dodging        | 1 |  1.5
Stealth        | |  0.1

Action                   |  1- 3 |  4- 6 |  7- 9 || total
-------------------------+-------+-------+-------++-------
Melee: Long sword        |    66 |    90 |    20 ||   176
       Headbutt          |    12 |    15 |     2 ||    29
  Use: Scroll            |     1 |     2 |     5 ||     8
       Potion            |       |     1 |       ||     1
Armor: Scale mail        |    33 |    49 |    14 ||    96
Dodge: Dodged            |    38 |    45 |    15 ||    98
Block: Buckler           |    13 |    29 |     9 ||    51
